 Dungeon Crawl Stone Soup version 0.29.1-12-g30fa7ad0bf (webtiles) character file.

Game seed: 4956111564472511494

173 suipiss the Insei (level 5, 0/57 HPs)
             Began as a Demonspawn Transmuter on Jan 15, 2023.
             Slain by an orc
             ... wielding a +0 whip
              (2 damage)
             ... on level 4 of the Dungeon.
             The game lasted 00:04:25 (3677 turns).

suipiss the Insei (Demonspawn Transmuter)           Turns: 3677, Time: 00:04:26

Health: 0/57       AC: 22    Str: 11    XL:     5   Next: 28%
Magic:  7/9        EV:  2    Int: 16    God:
Gold:   187        SH:  0    Dex: 13    Spells: 3/9 levels left

rFire   . . .      SeeInvis .   h - +8 whip "Snakebite" {venom, curare, rPois}
rCold   . . .      Faith    .   (no shield)
rNeg    . . .      Spirit   .   (body armour currently unavailable)
rPois   +          Reflect  .   (helmet currently unavailable)
rElec   .          Harm     .   (cloak currently unavailable)
rCorr   .          Rampage  .   (gloves currently unavailable)
Will    .....      NoTele   +   (boots currently unavailable)
Stlth   +.........              (no amulet)
HPRegen 0.19/turn               m - ring of poison resistance
MPRegen 0.22/turn               (no ring)

@: tree-form, wereblooded
A: stationary, stasis, torment immunity, boosted hp, magic regeneration,
(weakness stinger 2)
a: no special abilities


You were on level 4 of the Dungeon.
You were a tree.
You visited 1 branch of the dungeon, and saw 4 of its levels.

You collected 187 gold pieces.

Inventory:

Hand Weapons
 h - the +8 whip "Snakebite" (weapon) {venom, curare, rPois}
   (You took it off a kobold on level 3 of the Dungeon)

   It poisons the flesh of those it strikes.
   It occasionally inflicts asphyxiating poison on those it strikes, dealing
   poison damage and causing slowness.
   rPois:     It protects you from poison.
Armour
 a - a +0 robe (melded)
Jewellery
 m - a ring of poison resistance (left branch)
Scrolls
 c - 2 scrolls of poison {unknown}
 f - a scroll of teleportation {unknown}
 g - a scroll of identify {unknown}
 k - a scroll of enchant armour {unknown}
 l - 2 scrolls of enchant weapon {unknown}
 n - a scroll of blinking {unknown}
Potions
 d - a potion of curing {unknown}
 e - a potion of heal wounds {unknown}
 i - a potion of haste {unknown}
 j - a potion of might {unknown}


   Skills:
 + Level 1.7 Fighting
 + Level 2.3 Dodging
 + Level 3.0 Unarmed Combat
 * Level 2.9 Spellcasting
 * Level 2.3 Necromancy
 * Level 3.0 Transmutations


You had 3 spell levels left.
You knew the following spells:

 Your Spells              Type           Power      Damage    Failure   Level
a - Beastly Appendage     Tmut           24%        N/A       5%          1
b - Wereblood             Tmut           12%        N/A       9%          2
c - Spider Form           Tmut/Pois      7%         N/A       30%         3

Your spell library contained the following spells:

 Spells                   Type           Power      Damage    Failure   Level
 Passwall                 Tmut/Erth      5%         N/A       16%         2
 Freeze                   Ice            8%         1d3       19%         1
 Sandblast                Erth           4%         2d4       19%         1
 Conjure Flame            Conj/Fire      2%         6-21      50%         3
 Frozen Ramparts          Ice            4%         1d1       50%         3
 Stone Arrow              Conj/Erth      4%         3d7       50%         3
 Ice Form                 Ice/Tmut       7%         N/A       71%         4
 Hailstorm                Conj/Ice       2%         3d3       88%         4
 Olgreb's Toxic Radiance  Pois           2%         N/A       88%         4
 Alistair's Intoxication  Tmut/Pois      4%         N/A       96%         5


Dungeon Overview and Level Annotations

Branches:
Dungeon (4/15)
 Temple: D:4-7

Altars:
Cheibriados
Uskayaw


Innate Abilities, Weirdness & Mutations

You are a tree.
Your roots penetrate the ground, keeping you stationary.
You cannot be teleported.
You are immune to unholy pain and torment.
Your maximum health is greatly increased.
Your equipment is partially melded.
You regenerate magic rapidly.
((You have a tail ending in a sharp stinger.))


Message History

Casting: Wereblood (safe; 9% risk of failure)
Confirm with . or Enter, or press ? or * to list all spells.
Your blood is infused with primal strength.
The orc priest mumbles some strange prayers to Beogh against you.
Beogh smites you!
Casting: Wereblood (safe; 9% risk of failure)
Confirm with . or Enter, or press ? or * to list all spells.
You grow a pair of large bovine horns.
Your feet morph into talons.
The orc hits you with a +0 whip.
You whack the orc priest!
You claw the orc priest, but do no damage.
The orc priest is severely wounded.
The orc hits you with a +0 flail! The orc priest closely misses you.
The orc misses you.
You closely miss the orc priest. You tail-slap the orc priest.
The orc priest is severely wounded.
The orc closely misses you. The orc priest closely misses you.
The orc hits you with a +0 whip.
You hit the orc priest but do no damage.
You claw the orc priest, but do no damage.
The orc priest is severely wounded.
Your transformation is almost over.
The orc hits you with a +0 flail!
* * * LOW HITPOINT WARNING * * *
The orc priest looks encouraged for a moment.
The orc barely misses you. The orc misses you. The worm completely misses you.
You hit the orc priest but do no damage.
The orc priest is poisoned.
The orc priest convulses.
You feel a bit better.
You kill the orc priest!
The orc barely misses you. The orc closely misses you.
The orc hits you with a +0 whip.
* * * LOW HITPOINT WARNING * * *
Your Transmutations skill increases to level 3!
Really quaff the potion of lignification?
Your horns disappear.
Your talons disappear.
You turn into a tree.
Your +0 robe melds into your body.
Your roots penetrate the ground.
The worm bites you.
* * * LOW HITPOINT WARNING * * *
The orc hits you but does no damage. x2; The orc hits you with a +0 whip.
You die...

#.. ... #... ..
# #...####.. .#
#........##$#
......#.....
#.........#.#.#
#...o)w......
#.o♣# #.o.#
#...# #...#
#...# .#### #.
##


You could see a worm and 3 orcs.

Vanquished Creatures
  2 orc priests
  3 adders
  3 worms
  8 orcs (D:3)
  8 ball pythons
  4 endoplasms
  3 giant cockroaches
  5 goblins
  7 hobgoblins
  3 jackals (D:2)
  7 kobolds
  3 quokkas
  4 bats
  6 frilled lizards
  2 rats
68 creatures vanquished.

Notes
Turn   | Place    | Note
-------+----------+-------------------------------------------
     0 | D:1      | suipiss the Demonspawn Transmuter began the quest for the
                  | Orb.
     0 | D:1      | Reached XP level 1. HP: 15/15 MP: 3/3
    70 | D:1      | Got Sif Muna's Tome of Searing Poison
   317 | D:1      | Gained mutation: You have a small tail. [demonic ancestry]
   317 | D:1      | Reached XP level 2. HP: 19/21 MP: 5/5
   343 | D:1      | Learned a level 2 spell: Wereblood
   902 | D:1      | Reached skill level 1 in Necromancy
  1201 | D:2      | Gained mutation: You regenerate magic rapidly. [demonic
                  | ancestry]
  1201 | D:2      | Reached XP level 3. HP: 26/26 MP: 2/6
  2074 | D:2      | Reached XP level 4. HP: 27/32 MP: 5/7
  2079 | D:2      | Learned a level 3 spell: Spider Form
  2461 | D:3      | Found a snail-covered altar of Cheibriados.
  2887 | D:3      | Found a faded altar of an unknown god.
  3216 | D:3      | Gained mutation: You have a tail ending in a sharp stinger.
                  | [demonic ancestry]
  3216 | D:3      | Reached XP level 5. HP: 34/37 MP: 9/9
  3670 | D:4      | Found a hide-covered altar of Uskayaw.
  3677 | D:4      | HP: 2/57 [worm (3)]
  3677 | D:4      | Slain by an orc

Illustrated notes

Levels and vault maps discovered:
D:1:      lightli_arrival_lavapool, layout_basic
D:2:      layout_loops_ring
D:3:      layout_basic, chei_slow_surprise, hellmonk_ecumenical_altar_lost_god,
          serial_rivers, chequers_serial_rivers_small_3,
          chequers_serial_rivers_micro_c, chequers_serial_rivers_micro_d,
          chequers_serial_rivers_micro_d, minmay_checkerbox
D:4:      gammafunk_steamed_eel, layout_basic, overflow_temple_1_default,
          minmay_temple_entry_gardened_gates, serial_shops,
          nicolae_shop_crystal, minmay_joined_circles

Skill      XL: |  1  2  3  4  5 |
---------------+----------------+-----
Transmutations | 2 3 |  3.0
Necromancy     | 1 2 |  2.3
Dodging        | 2 |  2.3
Unarmed Combat | 3 |  3.0
Fighting       | |  1.7
Spellcasting   | |  2.9

Action                   |  1- 3 |  4- 6 || total
-------------------------+-------+-------++-------
Melee: Unarmed           |   115 |    25 ||   140
       Kick              |    23 |    12 ||    35
       Tailslap          |    13 |     7 ||    20
       Headbutt          |     9 |     3 ||    12
       Whip              |       |    29 ||    29
 Cast: Beastly Appendage |    21 |     6 ||    27
       Wereblood         |     9 |     4 ||    13
  Use: Potion            |       |     1 ||     1
 Stab: Sleeping          |     1 |       ||     1
Armor: Robe              |    25 |    15 ||    40
       Skin              |       |     2 ||     2
Dodge: Dodged            |    87 |    54 ||   141
